 Dungeon Crawl Stone Soup version 0.16.0-16-g311141a (webtiles) character file.

3031 Leibowitz the Nimble (level 10, -8/91 HPs)
             Began as a Kobold Berserker on Mar 20, 2015.
             Was a High Priest of Trog.
             Mangled by a hill giant
             ... wielding a +0 giant club
              (29 damage)
             ... on level 7 of the Dungeon.
             The game lasted 00:26:25 (6755 turns).

Leibowitz the Nimble (Kobold Berserker)             Turns: 6755, Time: 00:26:26

Health: -8/91      AC:  3    Str: 26    XL:     10   Next: 10%
Magic:  10/10      EV: 22    Int:  5    God:    Trog [*****.]
Gold:   265        SH: 12    Dex: 23    Spells: 0 memorised, 9 levels left

rFire  . . .     SeeInvis .     a - +1 dagger (speed)
rCold  . . .     Clarity  .     A - +0 leather armour
rNeg   . . .     SustAb   .     o - +0 shield
rPois  .         Gourm    .     (no helmet)
rElec  .         Spirit   .     (no cloak)
rCorr  .         Warding  .     (no gloves)
rMut   .         Stasis   .     (no boots)
MR     .....                    (no amulet)
Stlth  ..........               p - +5 ring of strength
                                r - +4 ring of dexterity

@: berserking, very quick, not resistant to hostile enchantments, extremely
unstealthy
A: carnivore 3
a: Burn Spellbooks, Berserk, Trog's Hand, Brothers in Arms, Renounce Religion


You were on level 7 of the Dungeon.
You worshipped Trog.
Trog was extremely pleased with you.
You were not hungry.

You visited 2 branches of the dungeon, and saw 8 of its levels.

You collected 265 gold pieces.

Inventory:

Hand weapons
 a - a +1 dagger of speed (weapon)
 b - a +0 blowgun
 H - a +0 short sword
Missiles
 u - 25 poisoned needles
Armour
 o - a +0 shield (worn)
 w - a +0 chain mail of positive energy
 A - a +0 leather armour (worn)
Jewellery
 p - a +5 ring of strength (right hand)
 r - a +4 ring of dexterity (left hand)
 y - a +4 ring of evasion
 C - an uncursed ring of positive energy {unknown}
Magical devices
 s - a wand of hasting (3)
Scrolls
 d - a scroll of magic mapping {unknown}
 e - 10 scrolls of identify {unknown}
 l - a scroll of fog {unknown}
 n - 3 scrolls of teleportation {unknown}
 q - 2 scrolls of amnesia {unknown}
 x - 2 scrolls of recharging {unknown}
 D - 2 scrolls of fear {unknown}
 G - a scroll of enchant weapon {unknown}
 I - a scroll of remove curse
Potions
 f - 2 potions of magic {unknown}
 g - 2 potions of heal wounds {unknown}
 h - 4 potions of curing {unknown}
 i - a potion of haste {unknown}
 j - a potion of flight {unknown}
 k - 2 potions of mutation {unknown}
 m - 3 potions of agility {unknown}
 t - a potion of brilliance {unknown}
 v - 2 potions of resistance {unknown}
 z - a potion of invisibility {unknown}
 E - a potion of poison {unknown}
 J - a potion of ambrosia {unknown}
Comestibles
 c - 2 meat rations
 B - 2 slices of pizza
 F - 3 beef jerkies


   Skills:
 * Level 6.3 Fighting
 * Level 8.3 Short Blades
 + Level 2.5 Armour
 * Level 9.1 Dodging
 * Level 8.5 Stealth
 * Level 4.1 Shields


You had 9 spell levels left.
You didn't know any spells.

Dungeon Overview and Level Annotations

Branches:
Dungeon (7/15)             Temple (1/1) D:5

Altars:
Cheibriados
Dithmenos
Elyvilon
Fedhas
Gozag
Kikubaaqudgha
Makhleb
Nemelex Xobeh
Okawaru
Ru
Sif Muna
Vehumet
Xom
Yredelemnul
Zin
The Shining One


Innate Abilities, Weirdness & Mutations

You are small and have problems with some larger weapons.
You are carnivorous and can eat meat at any time.


Message History

You shoot a poisoned needle.
The poisoned needle barely misses the hill giant.
The hill giant misses you.
Firing (i - inventory):
u - 26 poisoned needles (quivered)
Press: ? - help, Shift-Dir - straight line, f/p - hill giant
Aim: a hill giant, wielding a giant club (lightly wounded, poisoned)
You shoot a poisoned needle.
The poisoned needle hits the hill giant.
The hill giant is lightly wounded.
The hill giant hits you with a giant club!!!
Ouch! That really hurt!
* * * LOW HITPOINT WARNING * * *
Your hands tingle!
a - a +1 dagger of speed (weapon)
Use which ability? (? or * to list)
A red film seems to cover your vision as you go berserk!
You feel yourself moving faster!
You feel mighty!
You feel somewhat more hungry.
The hill giant hits you with a giant club!!
You die...

## ##(# ... ### #..
##.# ### #(( ##.##
#.. #.(###..# ##..#
#....C@.#######...##
####............>...
######........#
###.....##
##....#######
#...).))....
#..#########. #..##
## #..# #


You could see a hill giant.

Vanquished Creatures
  The ghost of wanderer1 the Ducker, an average MiGl (D:3)
  A hippogriff (D:7)
  An orc warrior (D:7)
  5 sky beasts
  An ice beast (D:6)
  2 phantoms
  A necrophage (D:5)
  6 ogres
  4 giant frogs (D:6)
  A gnoll sergeant (D:6)
  A wyvern skeleton (D:6)
  6 killer bees (D:5)
  2 hounds
  4 orc priests
  A giant frog zombie (D:5)
  2 giant frog skeletons (D:4)
  A jelly (D:5)
  A gnoll shaman (D:5)
  7 orc wizards
  4 worker ants
  Ijyb (D:2)
  A worker ant zombie (D:7)
  13 adders
  6 gnolls (D:5)
  A shadow imp (D:5)
  2 giant mites
  5 worms
  2 giant geckos
  2 oozes
  28 orcs
  10 bats
  4 giant cockroaches
  12 goblins
  11 hobgoblins
  9 jackals
  4 quokkas
  2 ball pythons
  5 giant newts
  10 kobolds
  A quokka skeleton (D:4)
  A quokka zombie (D:6)
  10 rats
  A spectral orc (D:2)
193 creatures vanquished.

Notes
Turn   | Place    | Note
--------------------------------------------------------------
     0 | D:1      | Leibowitz, the Kobold Berserker, began the quest for the Orb.
     0 | D:1      | Reached XP level 1. HP: 14/14 MP: 1/1
   115 | D:1      | Reached XP level 2. HP: 14/19 MP: 2/2
   338 | D:1      | Acquired Trog's second power
   464 | D:1      | Reached XP level 3. HP: 21/23 MP: 3/3
   986 | D:2      | Reached XP level 4. HP: 24/29 MP: 4/4
  1170 | D:2      | Reached skill level 1 in Stealth
  1198 | D:2      | Reached skill level 5 in Short Blades
  1395 | D:2      | Noticed Ijyb
  1398 | D:2      | Killed Ijyb
  1416 | D:2      | Reached XP level 5. HP: 33/33 MP: 5/5
  1604 | D:2      | Found a basalt altar of Yredelemnul.
  1765 | D:3      | Noticed wanderer1's ghost (average MiGl)
  1783 | D:3      | Killed wanderer1's ghost
  1783 | D:3      | Reached skill level 1 in Shields
  1783 | D:3      | Reached XP level 6. HP: 28/39 MP: 6/6
  1787 | D:3      | Reached skill level 5 in Dodging
  1972 | D:3      | Reached skill level 6 in Short Blades
  1972 | D:3      | Reached XP level 7. HP: 21/44 MP: 7/7
  2243 | D:3      | Noticed a phantom
  2265 | D:3      | Killed a phantom
  2329 | D:3      | Reached skill level 5 in Fighting
  2444 | D:3      | Noticed an ogre
  2463 | D:3      | Killed an ogre
  2570 | D:4      | Acquired Trog's third power
  3060 | D:4      | Found a deep blue altar of Sif Muna.
  3122 | D:4      | Reached XP level 8. HP: 49/49 MP: 8/8
  3378 | D:5      | Entered Level 5 of the Dungeon
  3760 | D:5      | Found a staircase to the Ecumenical Temple.
  3845 | Temple   | Entered the Ecumenical Temple
  4237 | D:5      | Reached skill level 7 in Short Blades
  4590 | D:5      | Reached skill level 5 in Stealth
  4612 | D:5      | Found an ancient bone altar of Kikubaaqudgha.
  4641 | D:5      | Reached XP level 9. HP: 54/54 MP: 9/9
  5418 | D:6      | Found a radiant altar of Vehumet.
  5442 | D:6      | Reached skill level 8 in Dodging
  5716 | D:6      | Found a glowing silver altar of Zin.
  6322 | D:7      | Reached XP level 10. HP: 33/60 MP: 10/10
  6357 | D:7      | Reached skill level 9 in Dodging
  6744 | D:7      | Noticed a hill giant
  6755 | D:7      | Mangled by a hill giant

Action                   |  1- 3 |  4- 6 |  7- 9 | 10-12 || total
-------------------------+-------+-------+-------+-------++-------
Melee: Short sword       |   100 |    86 |   296 |       ||   482
       Dagger            |       |       |   150 |    73 ||   223
 Fire: Blowgun           |       |       |    41 |    18 ||    59
Invok: Berserk           |       |     2 |     1 |     1 ||     4
       Burn Spellbooks   |       |       |     2 |       ||     2
  Use: Scroll            |       |       |     1 |       ||     1
 Stab: Sleeping          |       |     2 |    19 |     1 ||    22
       Distracted        |       |       |     1 |       ||     1
  Eat: Chunk             |     1 |       |    16 |       ||    17
       Meat ration       |       |     1 |       |       ||     1
